 Dungeon Crawl Stone Soup version 0.23.2-1-ga50397a6bc (webtiles) character file.

Game seed: 11138111373206338955

55 Cykl0x the Shield-Bearer (level 4, -11/37 HPs)
             Began as a Formicid Fighter on May 29, 2019.
             Killed by divine providence
             ... invoked by an orc priest
              (15 damage)
             ... on level 3 of the Dungeon.
             The game lasted 00:03:55 (1333 turns).

Cykl0x the Shield-Bearer (Formicid Fighter)         Turns: 1333, Time: 00:03:55

Health: -11/37     AC:  9    Str: 22    XL:     4   Next: 14%
Magic:  4/4        EV:  6    Int:  7    God:
Gold:   167        SH:  9    Dex: 10    Spells: 3/3 levels left

rFire    . . .     SeeInvis +   a - +0 long sword
rCold    . . .     Gourm    .   c - +0 shield
rNeg     . . .     Faith    .   j - +0 chain mail
rPois    +         Spirit   .   (helmet unavailable)
rElec    .         Reflect  .   (no cloak)
rCorr    .         Harm     .   (no gloves)
MR       .....                  (no boots)
Stlth    ..........             (no amulet)
HPRegen  0.12/turn              l - ring of poison resistance
MPRegen  0.09/turn              (no ring)

@: no status effects
A: permanent stasis, dig shafts and tunnels, four strong arms, antennae 3
a: Dig, Shaft Self


You were on level 3 of the Dungeon.
You were hungry.

You visited 1 branch of the dungeon, and saw 3 of its levels.

You collected 167 gold pieces.

Inventory:

Hand Weapons
 a - a +0 long sword (weapon)
Missiles
 g - 57 stones (quivered)
Armour
 b - a +0 scale mail
 c - a +0 shield (worn)
 j - a +0 chain mail (worn)
Jewellery
 i - an uncursed amulet of regeneration {unknown}
 l - a ring of poison resistance (left hand)
Scrolls
 n - a scroll of magic mapping
Potions
 d - a potion of might
 e - a potion of lignification
 k - 2 potions of heal wounds
 m - a potion of ambrosia {unknown}
 o - a potion of degeneration {unknown}
 p - 2 potions of agility {unknown}
Comestibles
 f - 4 rations
 h - 10 chunks of flesh


   Skills:
 + Level 3.7 Fighting
 + Level 2.5 Long Blades
 + Level 4.0 Armour
 + Level 0.2 Stealth
 + Level 4.1 Shields


You had 3 spell levels left.
You didn't know any spells.
Your spell library was empty.

Dungeon Overview and Level Annotations

Branches:
Dungeon (3/15)

Altars:


Innate Abilities, Weirdness & Mutations

You cannot be hasted, slowed, berserked, paralysed or teleported.
You can dig through walls and to a lower floor.
Your four strong arms can wield two-handed weapons with a shield.
You have a pair of large antennae on your head. (SInv)


Message History

You block the orc priest's attack.
You closely miss the orc priest.
The orc priest is heavily wounded.
The orc priest invokes the aid of Beogh against you.
Beogh smites you!
* * * LOW HITPOINT WARNING * * *
The orc priest looks encouraged for a moment.
You hit the orc priest.
The orc priest is almost dead.
The orc priest miscasts a cantrip.
You hit the orc priest.
The orc priest is almost dead.
The orc priest hits you with a +0 whip.
* * * LOW HITPOINT WARNING * * *
You extend your mandibles.
You dig through the rock wall.
The orc priest looks braver for a moment.
The orc priest calls down the wrath of Beogh upon you.
Beogh smites you!
You die...

### ##### ..#### #.≈≈≈#
#....########## #.≈≈≈≈(
####......÷...######..≈≈w≈≈
..###########....o[o.(≈≈≈≈≈
....<....# ####@#####.≈≈≈#
......÷..# ### ###
.........# .........#
........(.. .........#..
.........###.# .........# .
##########


You could see 2 orc priests.

Vanquished Creatures
  An adder (D:2)
  A worm (D:2)
  A leopard gecko (D:2)
  2 orcs (D:3)
  3 giant cockroaches
  5 goblins
  5 hobgoblins
  4 jackals
  7 bats
  5 kobolds
  6 rats
40 creatures vanquished.

Notes
Turn   | Place    | Note
-------+----------+-------------------------------------------
     0 | D:1      | Cykl0x the Formicid Fighter began the quest for the Orb.
     0 | D:1      | Reached XP level 1. HP: 18/18 MP: 1/1
   190 | D:1      | Reached XP level 2. HP: 23/24 MP: 2/2
   675 | D:2      | Reached XP level 3. HP: 29/29 MP: 3/3
  1253 | D:3      | Reached XP level 4. HP: 37/37 MP: 4/4
  1333 | D:3      | Killed from afar by an orc priest

Skill      XL: |  1  2  3 |
---------------+----------+-----
Shields        | 4 |  4.1
Armour         | 4 |  4.0
Fighting       | |  3.7
Long Blades    | |  2.5
Stealth        | |  0.2

Action                   |  1- 3 |  4- 6 || total
-------------------------+-------+-------++-------
Melee: Long sword        |   105 |    27 ||   132
Throw: Stone             |     7 |    10 ||    17
 Abil: Dig               |       |     1 ||     1
  Use: Scroll            |     7 |       ||     7
  Eat: Chunk             |     1 |       ||     1
Armor: Scale mail        |     5 |       ||     5
       Chain mail        |    75 |    10 ||    85
Dodge: Dodged            |    37 |     7 ||    44
Block: Shield            |    72 |     9 ||    81
       Rpst.: Long sword |    10 |     2 ||    12
